Map: Polka LE

Players

qqq - Winner!

  • Race: Protoss Protoss
  • League: Platinum
  • Spawn Location: 11:00

Massa - Winner!

  • Race: Terran Terran
  • League: Platinum
  • Spawn Location: 11:00

Lunde

  • Race: Protoss Protoss
  • League: Master
  • Spawn Location: 5:00

Bacaladitos

  • Race: Protoss Protoss
  • Spawn Location: 5:00

VOD

Have the link to the VOD?

Description

Time

  • Played on: Dec. 12, 2020, 7:59 a.m.
  • Length: 10:20
Show
View Real Time Build Order
Export as new Build Order

qqq Protoss - Winner!

Build Orders: Cannon Rush 

Get SALT Encoding   

  12  0:01  Probe  
  13  0:13  Probe  
  14  0:19  Pylon  
  14  0:25  Probe  
  15  0:37  Forge  
  15  0:41  Probe  
  16  0:53  Probe  
  17  1:12  Pylon  
  17  1:14  Pylon  
  17  1:16  Pylon  
  17  1:32  Photon Cannon  
  17  1:45  Photon Cannon  
  17  1:47  Photon Cannon  
  17  1:48  Gateway  
  16  1:54  Probe  
  17  2:07  Probe  
  18  2:39  Nexus  
  18  2:42  Zealot (Chrono Boost)  
  19  2:45  Cybernetics Core  
  19  2:51  Probe  
  19  2:55  Assimilator  
  22  3:19  Assimilator  
  18  3:28  Probe (Chrono Boost)  
  19  3:35  Photon Cannon  
  19  3:38  Probe (Chrono Boost)  
  19  3:40  Photon Cannon  
  20  3:43  Probe (Chrono Boost), Pylon  
  21  3:54  Probe (Chrono Boost)  
  23  3:59  Probe (Chrono Boost)  
  23  4:01  Probe (Chrono Boost)  
  23  4:06  Probe  
  23  4:08  Probe  
  25  4:10  Stargate  
  25  4:21  Probe (Chrono Boost)  
  25  4:23  Probe (Chrono Boost)  
  29  4:32  Probe (Chrono Boost)  
  29  4:33  Probe (Chrono Boost)  
  29  4:38  Probe (Chrono Boost)  
  29  4:40  Stargate  
  29  4:42  Pylon  
  29  4:45  Probe  
  29  4:48  Probe  
  29  4:50  Assimilator  
  31  4:54  Assimilator  
  31  4:57  Probe  
  32  5:01  Photon Cannon  
  32  5:06  Shield Battery  
  32  5:09  Probe  
  32  5:10  Phoenix (Chrono Boost)  
  35  5:17  Probe  
  36  5:22  Photon Cannon  
  36  5:27  Phoenix (Chrono Boost)  
  38  5:42  Phoenix (Chrono Boost)  
  40  5:50  Phoenix  
  42  6:11  Phoenix  
  44  6:15  Phoenix  
  45  6:22  Assimilator  
  45  6:23  Probe x2  
  47  6:35  Probe x2  
  47  6:36  Phoenix  
  51  6:47  Probe x2  
  51  6:50  Fleet Beacon  
  53  6:54  Pylon  
  54  7:04  Probe (Chrono Boost)  
  54  7:06  Pylon  
  54  7:11  Probe (Chrono Boost), Pylon  
  54  7:12  Pylon  
  54  7:13  Probe (Chrono Boost)  
  56  7:16  Phoenix  
  56  7:20  Probe  
  59  7:26  Phoenix  
  59  7:27  Probe  
  62  7:30  Protoss Air Weapons Level 1 (Chrono Boost)  
  62  7:32  Probe  
  63  7:44  Probe  
  64  7:55  Carrier  
  64  7:56  Carrier  
  76  7:59  Probe  
  76  8:00  Probe  
  78  8:11  Probe  
  75  8:59  Tempest  
  75  9:00  Carrier  
  84  9:09  Nexus  
  84  9:33  Probe  
  84  9:34  Probe  
  86  9:39  Pylon  
  86  9:42  Pylon  
  86  9:43  Pylon  
  86  9:46  Pylon  
  86  9:47  Pylon  
  86  9:57  Probe  
  87  10:17  Stargate  
Show
View Real Time Build Order
Export as new Build Order

Massa Terran - Winner!

Build Orders:  

Get SALT Encoding   

  12  0:00  SCV  
  13  0:12  SCV  
  14  0:24  SCV, Supply Depot  
  15  0:30  Refinery  
  15  0:45  SCV  
  16  0:57  SCV  
  16  1:02  Barracks  
  17  1:10  SCV  
  18  1:17  Barracks  
  18  1:22  SCV  
  18  1:25  Supply Depot  
  19  1:35  SCV  
  21  1:47  SCV  
  21  1:48  Barracks Tech Lab  
  21  1:57  Supply Depot  
  21  1:59  Orbital Command  
  21  2:04  Barracks Tech Lab  
  21  2:08  Marauder  
  23  2:10  Concussive Shells  
  23  2:23  Marauder  
  23  2:29  Marauder  
  27  2:40  Supply Depot  
  27  2:45  Marauder  
  29  3:06  Bunker  
  29  3:08  Marauder x2  
  33  3:29  Marauder x2  
  35  3:50  Marauder x2  
  35  3:53  Bunker  
  24  4:36  Engineering Bay  
  24  4:41  Command Center  
  24  4:43  Barracks  
  24  4:44  Barracks  
  24  4:45  SCV, Barracks  
  25  4:57  SCV  
  26  5:09  SCV, Missile Turret  
  27  5:14  Missile Turret  
  27  5:18  Missile Turret  
  27  5:23  Missile Turret  
  27  5:26  Supply Depot  
  27  5:32  Marine x2  
  27  5:33  Marine  
  30  5:44  Barracks, Marine x2  
  30  5:45  Barracks  
  30  5:47  Barracks  
  32  5:50  Marine x3  
  35  5:59  Bunker  
  35  6:02  Marine  
  36  6:06  Marine  
  36  6:08  Marine x3  
  40  6:20  Marine  
  40  6:23  Terran Infantry Weapons Level 1  
  40  6:24  Marine  
  42  6:26  Marine x2  
  44  6:41  Orbital Command  
  44  6:42  SCV  
  45  6:55  SCV  
  46  7:05  Barracks Tech Lab x2  
  46  7:06  Barracks Tech Lab, Supply Depot  
  46  7:07  SCV  
  47  7:12  SCV  
  48  7:19  SCV, Command Center  
  49  7:23  Sensor Tower  
  49  7:24  SCV  
  50  7:31  SCV  
  50  7:34  Marauder  
  50  7:36  SCV, Stimpack  
  54  7:38  Combat Shield  
  54  7:43  SCV  
  55  7:48  SCV, Missile Turret  
  56  7:53  Marauder x2, Marine  
  56  7:55  SCV, Marine  
  56  7:57  Marine  
  56  7:58  Marine  
  65  8:00  SCV, Marine  
  65  8:01  Marine  
  68  8:07  SCV  
  68  8:11  Marine  
  70  8:17  Terran Infantry Armor Level 1, Supply Depot  
  70  8:19  Supply Depot  
  70  8:30  SCV x2, Marauder, Marine x2  
  70  8:32  Refinery  
  70  8:34  Refinery  
  76  8:35  Marauder, Marine  
  76  8:40  Barracks Reactor  
  76  8:41  Barracks Reactor  
  79  8:42  SCV x2  
  81  8:49  Refinery  
  81  8:54  SCV  
  75  9:32  Marauder x3, Marine x2  
  75  9:33  Marine x3  
  84  9:54  Marauder x3  
Show
View Real Time Build Order
Export as new Build Order

Lunde Protoss 

Build Orders:  

Get SALT Encoding   

  12  0:00  Probe  
  13  0:12  Probe  
  14  0:17  Pylon  
  14  0:24  Probe  
  15  0:37  Probe (Chrono Boost)  
  15  0:40  Gateway  
  16  0:49  Probe (Chrono Boost)  
  17  0:51  Assimilator  
  17  0:56  Probe (Chrono Boost)  
  18  1:03  Probe  
  19  1:07  Assimilator  
  19  1:15  Probe  
  20  1:23  Forge  
  20  1:27  Zealot (Chrono Boost)  
  22  1:37  Cybernetics Core  
  22  1:42  Probe  
  23  1:56  Photon Cannon  
  22  2:10  Pylon  
  22  2:19  Pylon  
  22  2:26  Robotics Facility  
  22  2:33  Probe  
  23  2:44  Shield Battery  
  23  2:53  Stargate  
  23  2:58  Pylon  
  23  3:14  Immortal (Chrono Boost)  
  27  3:29  Void Ray (Chrono Boost)  
  31  4:08  Void Ray  
  31  4:14  Probe  
  36  4:39  Nexus  
  36  4:41  Probe (Chrono Boost), Pylon  
  37  4:47  Pylon  
  37  4:51  Probe (Chrono Boost)  
  38  4:59  Warp Prism  
  40  5:03  Pylon  
  40  5:09  Oracle  
  43  5:35  Immortal  
  37  6:19  Probe  
  37  6:21  Probe  
  39  6:26  Immortal  
  39  6:31  Probe, Twilight Council  
  40  6:33  Probe  
  40  6:35  Gateway  
  40  6:36  Gateway  
  38  6:43  Probe  
  37  6:49  Forge  
  37  6:56  Gateway  
  37  6:57  Gateway  
  37  7:06  Probe (Chrono Boost)  
  37  7:07  Probe (Chrono Boost)  
  39  7:12  Warp Gate (Chrono Boost)  
  41  7:16  Probe x2 (Chrono Boost)  
  41  7:20  Probe (Chrono Boost)  
  41  7:21  Probe (Chrono Boost)  
  42  7:23  Observer  
  42  7:26  Templar Archives  
  44  7:32  Probe x2  
  44  7:34  Photon Cannon  
  40  7:44  Probe x2  
  40  7:49  Photon Cannon  
  35  7:55  Photon Cannon  
  35  7:56  Probe (Chrono Boost)  
  35  7:57  Probe (Chrono Boost)  
  37  8:07  Probe (Chrono Boost)  
  37  8:08  Probe (Chrono Boost)  
  39  8:20  Probe x2  
  41  8:32  Probe  
  42  8:50  Stalker x2  
  42  8:51  Stalker x2  
Show
View Real Time Build Order
Export as new Build Order

Bacaladitos Protoss 

Build Orders:  

Get SALT Encoding   

  12  0:01  Probe  
  13  0:13  Probe  
  14  0:23  Pylon  
  14  0:25  Probe  
  15  0:41  Probe, Gateway  
  16  1:04  Assimilator  
  16  1:10  Assimilator  
  16  1:11  Probe  
  17  1:23  Probe  
  18  1:30  Cybernetics Core  
  18  1:35  Probe (Chrono Boost)  
  19  1:47  Probe (Chrono Boost)  
  20  1:52  Probe (Chrono Boost)  
  21  1:59  Nexus  
  21  2:01  Probe  
  22  2:13  Probe, Pylon  
  23  2:31  Probe  
  23  2:32  Stargate  
  24  2:40  Pylon  
  24  2:43  Probe  
  24  2:50  Stalker (Chrono Boost)  
  24  2:55  Probe  
  26  3:04  Shield Battery  
  26  3:32  Void Ray (Chrono Boost)  
  24  3:50  Pylon  
  20  4:17  Pylon  
  20  4:18  Probe x2  
  22  4:30  Probe x2  
  24  4:42  Probe (Chrono Boost)  
  24  4:43  Probe (Chrono Boost)  
  26  4:54  Probe (Chrono Boost)  
  26  4:59  Probe (Chrono Boost)  
  28  5:01  Assimilator  
  28  5:04  Probe (Chrono Boost)  
  30  5:07  Probe (Chrono Boost)  
  30  5:13  Probe x2 (Chrono Boost)  
  32  5:21  Probe x2, Assimilator  
  34  5:35  Fleet Beacon  
  34  5:37  Void Ray  
  38  6:21  Probe x2  
  42  6:25  Carrier  
  42  6:34  Forge  
  42  6:35  Pylon  
  42  6:45  Probe x2  
  42  6:47  Forge  
  44  6:57  Probe  
  44  6:58  Probe  
  46  7:10  Probe x2  
  48  7:20  Stargate  
  48  7:22  Probe x2  
  50  7:26  Stargate  
  50  7:31  Carrier (Chrono Boost)  
  56  7:46  Pylon  
  56  7:49  Pylon  
  56  7:53  Pylon  
  56  7:59  Pylon  
  56  8:03  Pylon  
  56  8:04  Mothership  
  67  8:05  Void Ray (Chrono Boost)  
  56  8:37  Void Ray x3  
  55  9:06  Shield Battery  
  55  9:08  Probe  
  56  9:20  Probe, Carrier (Chrono Boost)  
  69  9:32  Probe  
  75  9:44  Probe  
  74  9:56  Probe  
  74  9:58  Probe  
Tags
 
Add a new tag
Caveats
  • Supply blocks, unpowered buildings, or Contaminate may cause inaccurate times.
  • Supply counts are checked every 10 seconds.